[Event "MPL-1 Indian Chess Tour 2022"]
[Site "Online"]
[Date "2022.03.27"]
[Round "14.5"]
[White "Mendonca, Leon Luke"]
[Black "Iniyan, P."]
[Result "0-1"]
[ECO "A30"]
[WhiteElo "2536"]
[BlackElo "2516"]
[Annotator "ChessBase"]
[PlyCount "122"]
[EventDate "2022.03.30"]
[EventType "tourn"]
[EventCountry "NET"]
[SourceTitle "playchess.com"]
[Source "ChessBase"]
[SourceQuality "1"]
[TimeControl "5400+30"]

1. Nf3 Nf6 2. c4 e6 3. Nc3 c5 4. g3 b6 5. Bg2 Bb7 6. O-O Be7 7. d4 cxd4 8. Qxd4 O-O 9. Rd1 Qc8 10. Bf4 Nc6 11. Qd2 d6 12. Rac1 Na5 13. b3 Rd8 14. h3 h6 15. g4 Ne4 16. Nxe4 Bxe4 17. Qe3 Bb7 18. Bg3 Qc7 19. h4 Rac8 20. Nd4 Bxg2 21. Kxg2 Qb7+ 22. Qf3 Qxf3+ 23. Kxf3 a6 24. h5 Bf6 25. e3 Kf8 26. Rc2 Ke8 27. Rcd2 d5 28. cxd5 Rxd5 29. Ke2 Nb7 30. Nf3 Rxd2+ 31. Rxd2 Nc5 32. Rc2 Kd7 33. Ne5+ Bxe5 34. Bxe5 f6 35. Bd4 Nxb3 36. Rb2 Nxd4+ 37. exd4 b5 38. Kd3 Rc4 39. f4 Kd6 40. g5 fxg5 41. fxg5 Kd5 42. g6 Rxd4+ 43. Kc3 e5 44. Rf2 Rf4 45. Rd2+ Ke6 46. Rd8 Ra4 47. Kb3 Kf6 48. Rd7 Kg5 49. Rxg7 Kxh5 50. Rg8 e4 51. a3 e3 52. Re8 Kxg6 53. Rxe3 h5 54. Re8 h4 55. Rg8+ Kf5 56. Rh8 Kg4 57. Rg8+ Kf3 58. Rh8 Kg3 59. Rg8+ Rg4 60. Ra8 h3 61. Rxa6 h2 0-1

[Event "MPL-1 Indian Chess Tour 2022"]
[Site "Online"]
[Date "2022.03.31"]
[Round "14.7"]
[White "Karthikeyan, Murali"]
[Black "Sadhwani, Raunak"]
[Result "0-1"]
[ECO "A09"]
[WhiteElo "2622"]
[BlackElo "2616"]
[Annotator "ChessBase"]
[PlyCount "54"]
[EventDate "2022.03.30"]
[EventType "tourn"]
[EventCountry "NET"]
[SourceTitle "playchess.com"]
[Source "ChessBase"]
[SourceQuality "1"]
[TimeControl "5400+30"]

1. Nf3 d5 2. g3 g6 3. c4 dxc4 4. Bg2 Bg7 5. Qa4+ Nc6 6. Qxc4 e5 7. Nc3 Nge7 8. d3 O-O 9. h4 Be6 10. Qa4 h6 11. O-O Nd4 12. Be3 Nef5 13. Bxd4 exd4 14. Ne4 Bd5 15. Rfc1 Re8 16. h5 g5 17. g4 Nh4 18. Nxh4 gxh4 19. Qb5 Re5 20. Rc5 a6 21. Qa5 Bxe4 22. Rxe5 b6 23. Bxe4 bxa5 24. Rf5 Rb8 25. b3 Rb5 26. Rc1 Rxf5 27. Bxf5 Qe7 0-1

[Event "MPL-1 Indian Chess Tour 2022"]
[Site "Online"]
[Date "2022.03.27"]
[Round "14.8"]
[White "Aryan Chopra"]
[Black "Gukesh D"]
[Result "0-1"]
[ECO "B22"]
[WhiteElo "2585"]
[BlackElo "2614"]
[Annotator "ChessBase"]
[PlyCount "72"]
[EventDate "2022.03.30"]
[EventType "tourn"]
[EventCountry "NET"]
[SourceTitle "playchess.com"]
[Source "ChessBase"]
[SourceQuality "1"]
[TimeControl "5400+30"]

1. e4 c5 2. c3 Nf6 3. e5 Nd5 4. d4 cxd4 5. Nf3 e6 6. cxd4 d6 7. Bc4 Be7 8. O-O Nc6 9. Qe2 O-O 10. Rd1 Na5 11. Bd3 Nb4 12. Nc3 Nxd3 13. Rxd3 Bd7 14. Bf4 dxe5 15. Nxe5 Nc6 16. Rad1 Bb4 17. Rh3 g6 18. d5 Nxe5 19. Bxe5 Bxc3 20. Bxc3 e5 21. Re3 f6 22. Rxe5 Rf7 23. d6 Qf8 24. Re7 Re8 25. Bxf6 Rxf6 26. Qc4+ Be6 27. Qc7 Rf7 28. Qxb7 Rfxe7 29. dxe7 Qxe7 30. Qxe7 Rxe7 31. b3 Rd7 32. Ra1 Rd2 33. h3 Kf7 34. f3 Bd5 35. Rc1 Rxa2 36. Rc7+ Kf6 0-1

[Event "MPL-1 Indian Chess Tour 2022"]
[Site "Online"]
[Date "2022.03.31"]
[Round "15.2"]
[White "Sadhwani, Raunak"]
[Black "Aryan Chopra"]
[Result "1/2-1/2"]
[ECO "B12"]
[WhiteElo "2616"]
[BlackElo "2585"]
[Annotator "ChessBase"]
[PlyCount "83"]
[EventDate "2022.03.30"]
[EventType "tourn"]
[EventCountry "NET"]
[SourceTitle "playchess.com"]
[Source "ChessBase"]
[SourceQuality "1"]
[TimeControl "5400+30"]

1. e4 c6 2. d4 d5 3. e5 c5 4. Nf3 cxd4 5. Qxd4 Nc6 6. Qf4 e6 7. Bd3 Nb4 8. Nc3 Nxd3+ 9. cxd3 Bd7 10. Bd2 Ne7 11. h4 h5 12. Ne2 Nf5 13. Ng3 Nxg3 14. Qxg3 Bc6 15. Bc3 Rh6 16. Qg5 Qxg5 17. hxg5 Rh8 18. Nd4 Be7 19. f4 Kd7 20. Kd2 g6 21. b4 Ba4 22. Rab1 Rac8 23. b5 Bc5 24. Ne2 a6 25. bxa6 bxa6 26. Bb4 Bc2 27. Rb2 Rb8 28. a3 Ba4 29. Rhb1 Ba7 30. Bc3 Rxb2+ 31. Rxb2 Rb8 32. Rxb8 Bxb8 33. Bd4 Bc7 34. Nc3 Ba5 35. g3 Kc6 36. Kc1 Bxc3 37. Bxc3 Bb5 38. Kd2 Kc5 39. Bb4+ Kc6 40. Bc3 Kc5 41. Bb4+ Kc6 42. Bc3 1/2-1/2

[Event "MPL-1 Indian Chess Tour 2022"]
[Site "Online"]
[Date "2022.03.27"]
[Round "15.5"]
[White "Lalith Babu M R"]
[Black "Mendonca, Leon Luke"]
[Result "0-1"]
[ECO "D43"]
[WhiteElo "2563"]
[BlackElo "2536"]
[Annotator "RC"]
[PlyCount "112"]
[EventDate "2022.03.30"]
[EventType "tourn"]
[EventCountry "NET"]
[SourceTitle "playchess.com"]
[Source "ChessBase"]
[SourceQuality "1"]
[TimeControl "5400+30"]

1. d4 d5 2. Nf3 Nf6 3. c4 e6 4. Nc3 c6 5. Bg5 h6 6. Bxf6 Qxf6 7. e3 g6 8. Be2 Bg7 9. O-O O-O 10. b4 dxc4 11. Bxc4 Nd7 12. Rc1 Rd8 13. Qb3 Qe7 14. Rfd1 b6 15. h3 Bb7 16. e4 Rab8 17. Be2 c5 18. dxc5 bxc5 19. b5 Nb6 20. a4 Rxd1+ 21. Bxd1 c4 22. Qc2 Qb4 23. e5 Bxf3 24. Bxf3 Bxe5 25. Ne4 Rd8 26. Qe2 Qxa4 27. Rb1 Qa3 28. Nd2 Qc3 29. Ne4 Qd3 30. Qe1 Qa3 31. Ng5 Qc3 32. Qxc3 Bxc3 33. Ne4 Bd4 34. Kf1 f5 35. Nd2 Bc5 36. Ke2 Bxf2 37. Rc1 Bd4 38. Nxc4 Nxc4 39. Rxc4 Bb6 40. Rc6 Kf7 41. Ke1 Kf6 42. Be2 Ke5 43. g4 Rd6 44. Rc8 Kf4 45. Rg8 e5 46. Rf8 e4 47. h4 Ke5 48. h5 fxg4 49. Bxg4 g5 50. Rf5+ Kd4 51. Ke2 Kc3 52. Re5 e3 53. Bf3 Rd2+ 54. Ke1 Rf2 55. Be2 Kc2 56. Bd1+ Kc1 0-1

[Event "MPL-1 Indian Chess Tour 2022"]
[Site "Online"]
[Date "2022.03.27"]
[Round "15.6"]
[White "Puranik, Abhimanyu"]
[Black "Ganguly, Surya Shekhar"]
[Result "0-1"]
[ECO "A18"]
[WhiteElo "2618"]
[BlackElo "2627"]
[Annotator "ChessBase"]
[PlyCount "66"]
[EventDate "2022.03.30"]
[EventType "tourn"]
[EventCountry "NET"]
[SourceTitle "playchess.com"]
[Source "ChessBase"]
[SourceQuality "1"]
[TimeControl "5400+30"]

1. c4 Nf6 2. Nc3 e6 3. e4 d5 4. e5 d4 5. exf6 dxc3 6. Nf3 cxb2 7. Bxb2 gxf6 8. Qb3 a5 9. a3 Nc6 10. d4 Bh6 11. Bd3 Ne7 12. O-O Ng6 13. Rfe1 O-O 14. g3 Bd7 15. Rad1 Qe8 16. Bc2 b5 17. c5 Qc8 18. d5 e5 19. Qd3 b4 20. Nh4 b3 21. Bb1 a4 22. Re4 Bg5 23. Nxg6 hxg6 24. f4 exf4 25. gxf4 Bh6 26. Qd4 Bg7 27. d6 cxd6 28. cxd6 Ra5 29. Rc1 Bc6 30. Re3 Qd7 31. Qb6 Rd5 32. Be4 Qg4+ 33. Kf1 Bb5+ 0-1

[Event "MPL-1 Indian Chess Tour 2022"]
[Site "Online"]
[Date "2022.03.27"]
[Round "15.7"]
[White "Sankalp Gupta"]
[Black "Harika, Dronavalli"]
[Result "0-1"]
[ECO "B06"]
[WhiteElo "2536"]
[BlackElo "2517"]
[Annotator "ChessBase"]
[PlyCount "94"]
[EventDate "2022.03.30"]
[EventType "tourn"]
[EventCountry "NET"]
[SourceTitle "playchess.com"]
[Source "ChessBase"]
[SourceQuality "1"]
[TimeControl "5400+30"]

1. e4 g6 2. d4 Bg7 3. Nc3 d6 4. Be3 a6 5. Qd2 b5 6. Nce2 Nd7 7. Ng3 Bb7 8. a4 h5 9. h4 c5 10. c3 Ngf6 11. f3 bxa4 12. Bd3 O-O 13. N1e2 cxd4 14. cxd4 e5 15. d5 Nc5 16. Bc2 Nfd7 17. Bxa4 Nxa4 18. Rxa4 a5 19. Bh6 Nc5 20. Ra3 Bc8 21. Bxg7 Kxg7 22. f4 Bg4 23. f5 a4 24. Nc3 Kh7 25. Nd1 Nb3 26. Qg5 Qxg5 27. hxg5 Bxd1 28. Kxd1 Rfc8 29. Ne2 Rc4 30. Nc3 Rd4+ 31. Ke1 Kg7 32. f6+ Kg8 33. g4 hxg4 34. Kf2 Nc5 35. Ke3 Rb8 36. Ra2 Rb3 37. Ke2 Nxe4 38. Nxe4 Rxe4+ 39. Kd2 g3 40. Raa1 g2 41. Rhc1 Rd4+ 42. Ke2 Rxb2+ 43. Kf3 Rd3+ 44. Ke4 Rh3 45. Rxa4 Rh4+ 46. Kf3 Rxa4 47. Ke3 Ra3+ 0-1